 Dungeon Crawl Stone Soup version 0.23-a0-57-gd13e5294dc (webtiles) character file.

89297 LLavrengius the Fighter (level 15, 0/100 HPs)
             Began as a Gargoyle Earth Elementalist on Aug 8, 2018.
             Was a High Priest of Ashenzari.
             Slain by a merfolk impaler
             ... wielding a +3 trident of venom
              (6 damage)
             ... on level 2 of the Shoals on Aug 9, 2018.
             The game lasted 03:51:35 (34140 turns).

LLavrengius the Fighter (GrEE)                     Turns: 34140, Time: 03:51:35

Health: 0/100      AC: 21    Str: 10    XL:     15   Next: 96%
Magic:  1/32       EV:  9    Int: 28    God:    Ashenzari [*****.]
Gold:   2385       SH: 19    Dex: 10    Spells: 15/40 levels left

rFire    + + .     SeeInvis +   f - +7 falchion of the Lurker {freeze, rElec rF++ Str-2 Int+4} (curse)
rCold    + . .     Gourm    .   a - +0 large shield (curse)
rNeg     + . .     Faith    .   x - +0 robe (curse)
rPois    ∞         Spirit   .   J - +0 helmet (curse)
rElec    +         Reflect  +   D - +2 cloak
rCorr    .         Harm     .   F - +0 pair of gloves
MR       ++...     Clarity  +   h - +0 pair of boots
Stlth    ++........             S - +3 amulet of reflection (curse)
HPRegen  0.26/turn              w - ring of protection from magic
MPRegen  0.23/turn              l - ring of wizardry (curse)

@: flying, studying Crossbows
A: big wings, yellow scales 1, clever 1, cold resistance 1, negative energy
resistance 1, electricity resistance, unbreathing, petrification resistance, rot
immunity, MP-powered wands, AC +11
a: Stop Flying, Curse Item, Scrying, Transfer Knowledge, Renounce Religion


You were on level 2 of the Shoals.
You worshipped Ashenzari.
Ashenzari was extremely pleased with you.
You were hungry.

You visited 5 branches of the dungeon, and saw 25 of its levels.
You also visited: Labyrinth and Ossuary.

You collected 2385 gold pieces.

Inventory:

Hand Weapons
 f - the cursed +7 falchion of the Lurker (weapon) {freeze, rElec rF++ Str-2 Int+4}
   (You found it on level 6 of the Lair of Beasts)

   It has been specially enchanted to freeze those struck by it, causing extra
   injury to most foes and up to half again as much damage against particularly
   susceptible opponents.
   It can also slow down cold-blooded creatures.
   It affects your strength (-2).
   It affects your intelligence (+4).
   It greatly protects you from fire.
   It insulates you from electricity.
   It has a curse placed upon it.
 p - the cursed +7 sceptre of Torment
   (You found it on level 6 of the Lair of Beasts)

   It has a curse placed upon it.
Missiles
 b - 344 stones
 U - 10 poisoned javelins (quivered)
 Y - 11 javelins
Armour
 a - a cursed +0 large shield (worn)
 h - a +0 pair of boots (worn)
 v - a +3 scale mail of fire resistance
 x - a cursed +0 robe (worn)
 B - +0 acid dragon scales
 D - a +2 cloak (worn)
 F - a +0 pair of gloves (worn)
 J - a cursed +0 helmet (worn)
Jewellery
 c - an uncursed ring of ice
 l - a cursed ring of wizardry (right hand)
 o - an uncursed ring of positive energy
 w - a ring of protection from magic (left hand)
 O - an uncursed ring of resist corrosion
 S - a cursed +3 amulet of reflection (around neck)
Wands
 g - a wand of disintegration (11)
 y - a wand of paralysis (52)
 C - a wand of flame (18)
 M - a wand of acid (27)
 N - a wand of polymorph (21)
 X - a wand of iceblast (37)
Scrolls
 e - a scroll of identify
 i - 4 scrolls of teleportation
 k - 3 scrolls of noise {unknown}
 n - 2 scrolls of enchant weapon {unknown}
 t - 2 scrolls of enchant armour {unknown}
 u - a scroll of silence
 E - 6 scrolls of magic mapping
 G - a scroll of blinking
 H - 3 scrolls of amnesia
 K - 5 scrolls of fear
 P - 3 scrolls of holy word
 Q - a scroll of fog
 R - 5 scrolls of remove curse
 T - a scroll of brand weapon {unknown}
Potions
 j - 4 potions of agility
 m - 2 potions of might
 q - 8 potions of curing
 s - 2 potions of heal wounds
 z - 5 potions of haste
 A - 5 potions of lignification
 I - a potion of berserk rage
 L - 3 potions of brilliance
Books
 r - a manual of Crossbows
Miscellaneous
 Z - 3 boxes of beasts
Comestibles
 d - 29 rations


   Skills:
 + Level 13.8 Fighting
 - Level 0.2(1.2) Long Blades
   Level 7.6 Polearms
 - Level 2.0 Dodging
 - Level 2.2 Stealth
 * Level 9.8(12.3) Shields
 - Level 13.0 Spellcasting
 - Level 10.0(12.4) Conjurations
 - Level 3.0(5.3) Transmutations
 - Level 8.0(10.7) Fire Magic
 - Level 13.3(15.6) Earth Magic


You had 15 spell levels left.
You knew the following spells:

 Your Spells              Type           Power        Failure   Level  Hunger
a - Sandblast             Erth           ######       1%          1    None
b - Stone Arrow           Conj/Erth      ######       1%          3    None
c - Passwall              Tmut/Erth      ######..     1%          2    None
d - Lee's Rapid Deconstr  Erth           #######...   1%          5    ##.....
e - Petrify               Tmut/Erth      ######..     1%          4    None
f - Fireball              Conj/Fire      ######....   1%          5    ##.....
g - Conjure Flame         Conj/Fire      ######..     1%          3    None
h - Throw Flame           Conj/Fire      ######       1%          2    None

Your spell library contained the following spells:

 Spells                   Type           Power        Failure   Level  Hunger
 Confuse                  Hex            ###.....     16%         3    None
 Sticky Flame             Conj/Fire      ######..     1%          4    None
 Confusing Touch          Hex            ###...       5%          1    None
 Flame Tongue             Conj/Fire      #####        1%          1    None
 Metabolic Englaciation   Hex/Ice        ###.......   78%         5    ##.....
 Inner Flame              Hex/Fire       #####...     1%          3    None
 Gell's Gravitas          Tloc           ###.......   16%         3    None
 Yara's Violent Unravell  Hex/Tmut       ####......   45%         5    ##.....


Dungeon Overview and Level Annotations

Branches:
Dungeon (14/15)            Temple (1/1) D:5            Lair (6/6) D:8
 Shoals (2/4) Lair:3        Snake (0/4) Lair:3        Slime (0/5) Lair:5
    Orc (2/2) D:10            Elf (0/3) Orc:2        Vaults (0/5) D:13

Altars:
Ashenzari
Cheibriados
Dithmenos
Elyvilon
Fedhas
Gozag
Hepliaklqana
Kikubaaqudgha
Makhleb
Nemelex Xobeh
Okawaru
Qazlal
Ru
Sif Muna
Trog
Vehumet
Wu Jian
Xom
Yredelemnul
Zin
The Shining One
Beogh

Shops:
D:6 (   D:9 }   D:13 (   Orc:2 (%}[   Shoals:1 (

Annotations:
D:9 2 transporters
Lair:4 exclusion: oklob plant


Innate Abilities, Weirdness & Mutations

You are resistant to torment.
Your stone body is resilient. (AC +11)
You are immune to poison.
Your large and strong wings let you fly indefinitely.
You resist negative energy. (rN+)
You are resistant to electric shocks. (rElec)
You can survive without breathing.
You are immune to petrification.
You are immune to rotting.
You are partially covered in yellow scales. (AC +2)
Your mind is acute. (Int +2)
Your flesh is cold resistant. (rC+)
You expend magic power (3 MP) to strengthen your wands.


Message History

Casting: Sandblast (safe; 1% risk of failure)
Confirm with . or Enter, or press ? or * to list all spells.
Aiming: Sandblast (safe; 1% risk of failure)
Press: ? - help, Shift-Dir - straight line, f/p - merfolk impaler
Aim: a merfolk impaler, wielding a trident of venom and wearing a chain mail (almost dead, covered in acid)
The blast of sand misses the merfolk impaler.
b - 344 stones The merfolk impaler barely misses you.
You closely miss the merfolk impaler.
The merfolk impaler is almost dead.
You block the merfolk impaler's attack. x2
You miss the merfolk impaler.
The merfolk impaler is almost dead.
You block the merfolk impaler's attack. x2
You miss the merfolk impaler.
The merfolk impaler is almost dead.
The merfolk impaler hits you with a trident of venom.
* * * LOW HITPOINT WARNING * * *
The merfolk impaler hits you with a trident of venom.
You die...

≈ ≈ ≈≈≈ ≈..##.......###...≈≈≈ ≈
≈≈ ≈ ..###..^....###.≈.≈≈. ≈ ≈ ≈
≈≈≈......≈≈.....#.≈≈..≈≈ ≈≈
,,.....≈≈.?...#....≈≈≈ ≈≈ ≈ ≈
###..≈........≈≈≈≈.. ≈ ≈≈ , *
##................≈ ≈≈≈ ,, ,
#..≈≈≈≈≈.......≈≈, ≈ ≈ ≈≈ ≈ *
#m≈≈≈≈≈≈≈≈≈....≈≈≈
≈≈≈≈≈≈≈≈≈≈...###@≈≈≈≈≈≈≈≈≈≈..≈≈≈≈
≈≈≈≈≈≈≈≈≈.......≈≈≈≈≈≈≈≈≈≈≈≈≈≈≈≈
≈≈≈≈≈≈≈≈≈.###..≈≈≈≈≈≈≈≈≈≈≈≈≈≈≈≈≈
≈≈≈≈≈≈≈≈≈.# ##.≈≈≈≈....≈≈≈≈≈≈≈≈≈≈
≈≈≈≈≈≈≈≈..# #.≈≈≈≈....)≈≈≈≈≈≈≈≈≈
≈≈≈≈≈≈≈≈..## ###≈≈..###))≈≈≈≈≈≈≈≈
≈≈≈≈≈≈≈≈...#####...## #).≈≈≈≈≈≈≈≈
≈≈≈≈≈≈≈≈≈<..........###.≈≈≈≈≈≈≈≈≈
≈≈≈≈≈≈≈≈≈≈.≈≈........#..≈≈≈≈≈≈≈≈≈


You could see a merfolk impaler.

Vanquished Creatures
  An orc warlord (Orc:1)
  7 hydras
  Fannar (Lair:1)
  4 catoblepae (Lair:6)
  A merfolk aquamancer (Shoals:2)
  5 two-headed ogres
  2 centaur warriors (D:14)
  5 death yaks (Lair:6)
  An ogre mage (D:13)
  3 orc high priests (Orc:2)
  Sonja (Lair:4)
  A deep elf knight (D:13)
  A skeletal warrior (D:13)
  Nergalle (Lair:1)
  A fire crab (Lair:6)
  A sea snake (Shoals:1)
  5 harpies (Shoals:1)
  5 orc knights
  3 oklob plants (Lair:2)
  4 deep elf magi
  An ugly thing (D:12)
  3 cyclopes
  7 manticores
  4 orc sorcerers (Orc:2)
  6 fauns
  A merfolk siren (Shoals:2)
  6 black mambas
  20 elephants
  A torpor snail (Lair:6)
  2 gargoyles
  Psyche (D:12)
  2 water nymphs (Shoals:1)
  3 rime drakes
  12 spiny frogs
  6 komodo dragons
  A kobold demonologist (D:14)
  8 trolls
  3 merfolk
  A hornet (D:11)
  A wind drake (Shoals:2)
  4 slime creatures (D:12)
  9 blink frogs
  9 hippogriffs
  A meliai zombie (D:14)
  Sigmund (D:2)
  A spriggan (D:12)
  4 water elementals (Shoals:2)
  A vampire (D:14)
  41 yaks
  A shadow (D:12)
  7 wyverns
  A wraith (D:12)
  6 basilisks
  3 hungry ghosts
  4 vampire mosquitoes (D:13)
  A warg (shapeshifter) (D:14)
  3 nagas (Lair:3)
  2 acid dragons
  3 wargs
  17 water moccasins
  A soldier ant (D:12)
  9 porcupines
  24 orc warriors
  2 black bears
  2 ice beasts
  3 sky beasts
  An eye of draining (D:12)
  11 ogres
  3 phantoms
  19 wolves
  3 centaurs
  10 crocodiles
  An elf zombie (Ossuary)
  11 bullfrogs
  A gnoll sergeant (D:7)
  A wyvern skeleton (D:13)
  3 scorpions
  5 wights (D:11)
  5 howler monkeys
  2 electric eels (Lair:2)
  2 crimson imps
  5 hounds
  3 human zombies (Ossuary)
  2 bullfrog skeletons
  5 centaur skeletons
  A jelly (D:12)
  20 orc priests
  2 iguanas
  19 orc wizards
  7 worker ants
  A hound zombie (D:5)
  2 mummies (Ossuary)
  A worker ant zombie (D:7)
  5 gnolls (D:7)
  A howler monkey skeleton (D:5)
  11 adders
  6 shadow imps
  An ooze (D:1)
  3 worms
  2 dart slugs (D:1)
  A leopard gecko (D:3)
  63 orcs
  6 giant cockroaches
  10 goblins
  3 hobgoblins (D:1)
  22 jackals
  5 quokkas
  A ball python (D:1)
  5 bats
  7 frilled lizards
  A giant cockroach zombie (D:5)
  10 hobgoblin zombies (Ossuary)
  A jackal skeleton (D:6)
  9 kobolds
  9 kobold zombies (Ossuary)
  10 orc zombies (Ossuary)
  A quokka skeleton (D:7)
  8 rats
  3 rat zombies (Ossuary)
  A plant (Lair:2)
653 creatures vanquished.

Vanquished Creatures (others)
  A minotaur (Lab)
  A satyr (Shoals:2)
  A centaur warrior (D:14)
  A cyclops (D:13)
  A manticore (Shoals:2)
  A centaur (D:11)
  37 fungi
  47 plants
90 creatures vanquished.

Grand Total: 743 creatures vanquished

Notes
Turn   | Place    | Note
-------+----------+-------------------------------------------
     0 | D:1      | LLavrengius the Gargoyle Earth Elementalist began the quest for the Orb.
     0 | D:1      | Reached XP level 1. HP: 10/10 MP: 3/3
   178 | D:1      | Reached XP level 2. HP: 13/15 MP: 0/5
   640 | D:1      | Reached XP level 3. HP: 19/19 MP: 2/6
   662 | D:1      | Learned a level 3 spell: Stone Arrow
  1291 | D:2      | Reached skill level 1 in Fighting
  1557 | D:2      | Reached XP level 4. HP: 21/25 MP: 7/7
  2140 | D:2      | Noticed Sigmund
  2154 | D:2      | Killed Sigmund
  2154 | D:2      | Reached skill level 5 in Earth Magic
  2154 | D:2      | Reached XP level 5. HP: 17/32 MP: 0/10
  2154 | D:2      | Reached XP level 6. HP: 20/36 MP: 0/11
  2967 | D:3      | You fall through a shaft for 2 floors!
  2967 | D:5      | Entered Level 5 of the Dungeon
  2967 | D:5      | Noticed a sky beast
  2973 | D:5      | Killed a sky beast
  3294 | D:4      | Reached XP level 7. HP: 31/42 MP: 4/12
  3489 | D:4      | Found a sand-covered staircase.
  3495 | Ossuary  | Entered an ossuary
  3746 | Ossuary  | Learned a level 2 spell: Passwall
  3752 | Ossuary  | Learned a level 5 spell: Lee's Rapid Deconstruction
  3960 | Ossuary  | Reached skill level 5 in Fighting
  4418 | D:4      | Reached XP level 8. HP: 29/50 MP: 0/14
  5498 | D:5      | Found a staircase to the Ecumenical Temple.
  5507 | Temple   | Entered the Ecumenical Temple
  5535 | Temple   | Became a worshipper of Ashenzari the Shackled
  6074 | D:6      | Found Plog's Weapon Shoppe.
  6101 | D:6      | Found an opulent altar of Gozag.
  6113 | D:6      | Reached skill level 5 in Spellcasting
  6607 | D:6      | Found a hazy altar of Hepliaklqana.
  6729 | D:6      | Reached XP level 9. HP: 56/56 MP: 1/17
  6873 | D:6      | Found a deep blue altar of Sif Muna.
  7549 | D:7      | Found a shadowy altar of Dithmenos.
  7571 | D:7      | Reached skill level 1 in Shields
  7744 | D:7      | Reached * piety under Ashenzari
  8176 | D:8      | Noticed a komodo dragon
  8342 | D:8      | Got the cursed quarterstaff "Suketa" {crush, -Tele +Fly Str+4}
  8494 | D:7      | Learned a level 4 spell: Petrify
  8676 | D:8      | Found a staircase to the Lair.
  8899 | D:8      | Identified the cursed +1 quarterstaff "Suketa" {crush, -Tele +Fly Str+4} (You found it on level 8 of the Dungeon)
  9036 | D:9      | Noticed a kobold demonologist
  9196 | D:9      | Found a transporter.
  9207 | D:9      | Noticed an orc high priest
  9208 | D:9      | Noticed an orc sorcerer
  9217 | D:9      | Noticed a kobold demonologist
  9218 | D:9      | Noticed an orc high priest
  9223 | D:9      | Found a transporter.
  9228 | D:9      | Found Cetou's Gadget Shop.
  9246 | D:9      | Reached skill level 1 in Transmutations
  9417 | D:9      | Reached XP level 10. HP: 57/64 MP: 21/21
  9546 | D:9      | Found a basalt altar of Yredelemnul.
  9557 | D:9      | Reached skill level 10 in Earth Magic
 10073 | D:10     | Entered Level 10 of the Dungeon
 10799 | D:10     | Noticed a gargoyle
 10801 | D:10     | Killed a gargoyle
 10941 | D:10     | Found a staircase to the Orcish Mines.
 11307 | D:11     | Noticed a gargoyle
 11308 | D:11     | Killed a gargoyle
 11507 | D:11     | Reached XP level 11. HP: 38/71 MP: 3/24
 11982 | D:11     | Noticed a cyclops
 11989 | D:11     | Killed a cyclops
 11996 | D:11     | Noticed a cyclops
 12001 | D:11     | Killed a cyclops
 12001 | D:11     | Reached skill level 1 in Conjurations
 12069 | D:11     | Reached skill level 1 in Polearms
 13140 | D:12     | Noticed a six-headed hydra
 13338 | D:12     | Reached ** piety under Ashenzari
 13339 | D:12     | Noticed a two-headed ogre
 13347 | D:12     | Killed a two-headed ogre
 13453 | D:12     | Found a shimmering altar of Xom.
 13487 | D:12     | Noticed a purple ugly thing
 13491 | D:12     | Killed a purple ugly thing
 13994 | D:12     | Killed a six-headed hydra
 13994 | D:12     | Reached skill level 10 in Spellcasting
 14768 | D:12     | Gained mutation: You expend magic power (3 MP) to strengthen your wands. [potion of mutation]
 14768 | D:12     | Gained mutation: Your flesh is cold resistant. (rC+) [potion of mutation]
 14768 | D:12     | Gained mutation: Your mind is acute. (Int +2) [potion of mutation]
 14768 | D:12     | Gained mutation: You are partially covered in yellow scales. (AC +2) [potion of mutation]
 14823 | D:12     | Reached skill level 10 in Fighting
 14823 | D:12     | Reached XP level 12. HP: 77/77 MP: 23/26
 14845 | D:12     | Noticed Psyche
 14849 | D:12     | Killed Psyche
 15245 | D:13     | Identified the +1 robe "Heheov" {Int+4}
 15356 | D:13     | Found Enuvuam's Weapon Emporium.
 15906 | D:13     | Noticed a two-headed ogre
 15975 | D:13     | Killed a two-headed ogre
 15997 | D:13     | Identified the +3 leather armour of Knowledge {Int+2} (You took it off a skeletal warrior on level 13 of the Dungeon)
 16142 | D:13     | Noticed a two-headed ogre
 16148 | D:13     | Killed a two-headed ogre
 16152 | D:13     | Noticed an ogre mage
 16155 | D:13     | Killed an ogre mage
 16155 | D:13     | Reached skill level 5 in Conjurations
 16338 | D:13     | Noticed a two-headed ogre
 16340 | D:13     | Noticed a deep elf knight
 16345 | D:13     | Killed a two-headed ogre
 16347 | D:13     | Killed a deep elf knight
 16624 | D:13     | Found a gate to the Vaults.
 17304 | Lair:1   | Entered Level 1 of the Lair of Beasts
 17525 | Lair:1   | Noticed Nergalle
 17537 | Lair:1   | Killed Nergalle
 17537 | Lair:1   | Reached skill level 5 in Polearms
 17537 | Lair:1   | Reached XP level 13. HP: 69/84 MP: 5/28
 17570 | Lair:1   | Upgraded the game from 0.23-a0-54-gae6112e33f to 0.23-a0-57-gd13e5294dc
 17723 | Lair:1   | Noticed Fannar
 17830 | Lair:1   | Killed Fannar
 20264 | Lair:3   | Reached *** piety under Ashenzari
 20657 | Lair:3   | Found a staircase to the Shoals.
 21116 | Lair:3   | Found a staircase to the Snake Pit.
 21526 | Lair:4   | Found a labyrinth entrance.
 21531 | Lab      | Entered a labyrinth
 21731 | Lab      | Noticed a minotaur
 21741 | Lab      | Killed a minotaur
 21926 | Lair:4   | Identified a scroll of acquirement
 21936 | Lair:4   | Learned a level 5 spell: Fireball
 21940 | Lair:4   | Learned a level 3 spell: Conjure Flame
 21980 | Lair:4   | Reached skill level 1 in Fire Magic
 22289 | Lair:4   | Found a deep blue altar of Sif Muna.
 22729 | Lair:4   | Noticed Sonja
 22732 | Lair:4   | Killed Sonja
 23363 | Lair:5   | Gained mutation: Your large and strong wings let you fly indefinitely. [Gargoyle growth]
 23363 | Lair:5   | Reached XP level 14. HP: 44/91 MP: 23/30
 23614 | Lair:5   | Found a staircase to the Slime Pits.
 24097 | Lair:5   | Reached **** piety under Ashenzari
 24707 | Lair:6   | Entered Level 6 of the Lair of Beasts
 25506 | Lair:6   | Reached skill level 5 in Fire Magic
 27075 | Lair:6   | Got the falchion of the Lurker {freeze, rElec rF++ Str-2 Int+4}
 27076 | Lair:6   | Identified the +7 falchion of the Lurker {freeze, rElec rF++ Str-2 Int+4} (You found it on level 6 of the Lair of Beasts)
 27136 | Lair:6   | Reached XP level 15. HP: 78/97 MP: 0/32
 27699 | Lair:6   | Found the cursed +7 sceptre of Torment
 28156 | Orc:1    | Entered Level 1 of the Orcish Mines
 28336 | Orc:1    | Noticed an orc warlord
 28351 | Orc:1    | Reached skill level 5 in Shields
 28416 | Orc:1    | Killed an orc warlord
 28699 | Orc:1    | Found a roughly hewn altar of Beogh.
 28836 | Orc:2    | Entered Level 2 of the Orcish Mines
 29126 | Orc:2    | Found a staircase to the Elven Halls.
 29338 | Orc:1    | Found a radiant altar of Vehumet.
 29622 | Orc:2    | Found Nefedeli's Antique Armour Boutique.
 30126 | Orc:2    | Learned a level 2 spell: Throw Flame
 30324 | Orc:2    | Found Wesiholu's Gadget Emporium.
 30331 | Orc:2    | Found Xetupoul's Food Emporium.
 30333 | Orc:2    | Found Wost's Weapon Boutique.
 30716 | Orc:2    | Found a roughly hewn altar of Beogh.
 30823 | D:8      | Reached skill level 10 in Conjurations
 31780 | D:14     | Found a shadowy altar of Dithmenos.
 32373 | D:14     | Identified the +2 buckler "Vusto" {rCorr}
 32485 | D:14     | Reached ***** piety under Ashenzari
 32748 | Shoals:1 | Entered Level 1 of the Shoals
 32858 | Shoals:1 | Found Gicuh's Weapon Emporium.
 34116 | Shoals:2 | HP: 3/100 [merfolk impaler/trident of venom (8)]
 34140 | Shoals:2 | Slain by a merfolk impaler

Vault maps used:
D:1:      dpeg_arrival_leaves_temple_mockup
D:2:      uniq_sigmund
D:3:      minmay_misc_feat_doors, interstate_on_off
D:4:      nicolae_ossuary_entry_plus
D:5:      minmay_temple_entry_purple_smoke, first_ration
D:6:      kennysheep_orc_sif_temple, marbit_many_paths, serial_shops,
          kennysheep_mini, grunt_gozag_statues
D:7:      nicolae_dithmenos_shadow_blocks
D:8:      david_lair_shrubbed
D:9:      gammafunk_wand_slinger, basic_altar, serial_shops,
          nicolae_shop_waterfront
D:10:     orc_0_dummy
D:12:     basic_altar, the_bakery, st_stairs_7, uniq_psyche
D:13:     hangedman_vaults_entry_quadrant_bands, serial_shops,
          nicolae_shop_temple_entry_statues_fountains
D:14:     basic_altar, hangedman_decor_riveting
Temple:   regret_index_temple_sigil_plot
Lair:1:   grunt_megastairs_3, uniq_nergalle, uniq_fannar
Lair:2:   grunt_megastairs_5, serial_bayou_shore_a, minmay_lair_oklob_chamber
Lair:3:   minmay_shoals_entry_beasts, guppyfry_snake_entry_garden,
          lemuel_fruit_tree
Lair:4:   lab_entry_generic, serial_bayou_pond_c, lemuel_oklob_altar, uniq_sonja
Lair:5:   slime_dummy, grunt_megastairs_2
Lair:6:   evilmike_catoblepas_cave
Shoals:1: serial_shops, nicolae_shop_waterfront
Shoals:2: uniq_louise
Orc:1:    enter_volcano_4, basic_altar, mines1_david
Orc:2:    st_orc_elflike, lemuel_statue_altar
Lab:      labyrinth_watery, lab_block, labyrinth_skeletal_remains, lab_statue
Ossuary:  ossuary_tomb_1

Skill      XL: |  1  2  3  4  5  6  7  8  9 10 11 12 13 14 15 |
---------------+----------------------------------------------+-----
Earth Magic    | 4 5 6 7 9 10 11 12 13 | 13.3
Dodging        | 2 |  2.0
Fighting       | 1 2 3 5 6 7 9 10 11 12 13 | 13.8
Spellcasting   | 3 4 5 7 9 10 11 12 13 | 13.0
Shields        | 4 9 |  9.8
Transmutations | 1 3 |  3.0
Conjurations   | 3 6 7 9 10 | 10.0
Polearms       | 3 5 6 7 |  7.6
Fire Magic     | 2 7 8 |  8.0
Long Blades    | |  0.2
Stealth        | |  2.2

Action                   |  1- 3 |  4- 6 |  7- 9 | 10-12 | 13-15 || total
-------------------------+-------+-------+-------+-------+-------++-------
Melee: Unarmed           |    10 |       |       |       |       ||    10
       Dagger            |   182 |    53 |       |       |       ||   235
       Short sword       |       |    63 |   504 |    67 |       ||   634
       Staff             |       |       |    17 |       |       ||    17
       Spear             |       |       |       |   256 |   561 ||   817
       Falchion          |       |       |       |       |   146 ||   146
Throw: Javelin           |       |     6 |    12 |    14 |    81 ||   113
       Stone             |       |       |     1 |       |     1 ||     2
 Cast: Sandblast         |    19 |    22 |    45 |    65 |   253 ||   404
       Stone Arrow       |     4 |     9 |     3 |     6 |    44 ||    66
       Lee's Rapid Decon |       |       |    41 |    98 |   179 ||   318
       Petrify           |       |       |     3 |     3 |     4 ||    10
       Throw Flame       |       |       |       |       |    62 ||    62
       Fireball          |       |       |       |       |    32 ||    32
       Conjure Flame     |       |       |       |       |     5 ||     5
       Passwall          |       |       |       |       |     5 ||     5
Invok: Curse Item        |       |       |     1 |       |     3 ||     4
 Abil: Fly               |       |       |       |       |     1 ||     1
Evoke: Wand              |       |       |       |       |     4 ||     4
  Use: Scroll            |       |       |     9 |     1 |    12 ||    22
       Potion            |       |       |       |     5 |     8 ||    13
 Stab: Sleeping          |     2 |     3 |     5 |     5 |     2 ||    17
       Petrified         |       |       |     2 |    11 |     8 ||    21
       Distracted        |       |       |       |       |     1 ||     1
  Eat: Chunk             |     3 |     2 |    23 |    27 |    66 ||   121
       Ration            |       |     1 |     3 |     5 |     1 ||    10
Armor: Robe              |    78 |    29 |   155 |    96 |   408 ||   766
Dodge: Dodged            |   173 |    87 |   276 |   125 |   403 ||  1064
Block: Buckler           |       |       |    47 |   106 |   305 ||   458
       Reflection        |       |       |     1 |     8 |    19 ||    28
       Large shield      |       |       |       |       |   130 ||   130
       Rpst.: Falchion   |       |       |       |       |    22 ||    22

Table legend:
 A = Spawn XP
 B = Non-spawn XP
 C = Spawn XP percentage of total XP
 D = Spawn monster count
 E = Non-spawn monster count
 F = Spawn count percentage of total count
 G = Total turns spent on level
                    A         B        C        D         E        F      G
               +---------+---------+-------+---------+---------+-------+---------
         Total |       0 |  127568 |   0.0 |       0 |     658 |   0.0 | 34140
               +---------+---------+-------+---------+---------+-------+---------
           D:1 |       0 |      60 |   0.0 |       0 |      33 |   0.0 |  1157
           D:2 |       0 |     284 |   0.0 |       0 |      20 |   0.0 |  1314
           D:3 |       0 |     100 |   0.0 |       0 |      19 |   0.0 |   703
           D:4 |       0 |     590 |   0.0 |       0 |      22 |   0.0 |  1211
           D:5 |       0 |     399 |   0.0 |       0 |      16 |   0.0 |   560
           D:6 |       0 |     754 |   0.0 |       0 |      16 |   0.0 |  1164
           D:7 |       0 |     664 |   0.0 |       0 |      20 |   0.0 |  1147
           D:8 |       0 |    1444 |   0.0 |       0 |      23 |   0.0 |  1070
           D:9 |       0 |    1563 |   0.0 |       0 |      19 |   0.0 |  1159
          D:10 |       0 |    2822 |   0.0 |       0 |      15 |   0.0 |  1234
          D:11 |       0 |    3281 |   0.0 |       0 |      21 |   0.0 |  2054
          D:12 |       0 |    7618 |   0.0 |       0 |      37 |   0.0 |  1942
          D:13 |       0 |   10953 |   0.0 |       0 |      37 |   0.0 |  2099
          D:14 |       0 |    8323 |   0.0 |       0 |      32 |   0.0 |  1351
        Lair:1 |       0 |    5747 |   0.0 |       0 |      25 |   0.0 |  1699
        Lair:2 |       0 |    4225 |   0.0 |       0 |      15 |   0.0 |  1404
        Lair:3 |       0 |    7041 |   0.0 |       0 |      29 |   0.0 |  1334
        Lair:4 |       0 |    5102 |   0.0 |       0 |      15 |   0.0 |  1412
        Lair:5 |       0 |    4949 |   0.0 |       0 |      19 |   0.0 |  1584
        Lair:6 |       0 |   31974 |   0.0 |       0 |      85 |   0.0 |  3280
      Shoals:1 |       0 |    6862 |   0.0 |       0 |      13 |   0.0 |   970
      Shoals:2 |       0 |    7243 |   0.0 |       0 |      16 |   0.0 |   422
         Orc:1 |       0 |    4070 |   0.0 |       0 |      30 |   0.0 |  1167
         Orc:2 |       0 |   10340 |   0.0 |       0 |      42 |   0.0 |  1430
           Lab |       0 |     874 |   0.0 |       0 |       1 |   0.0 |   346
       Ossuary |       0 |     286 |   0.0 |       0 |      38 |   0.0 |   799
               +---------+---------+-------+---------+---------+-------+---------
